AoeStats
← PremedAnemone61

Arabia

509014209Analyzed
1v1 RM · 6d ago on Sep 25, 2026· 62m 3s· 2 players
Game mode
Random Map
Map size
Tiny (2 player)
Population
200
Speed
Normal
Resources
Standard
Victory
Conquest
Starting age
Dark Age
Ending age
Imperial Age
RankedLock teamsTeams togetherTeam positionsShared explorationLock speedFull tech treeHidden civsTurbo modeCheats
Victory
Defeat
694
+16
🇪🇨 Tatars · Ecuador
693
-16
PremedAnemone61
0:38 Loom
12:03 Feudal Age
13:53 Double-Bit Axe
13:51 Horse Collar
16:36 Wheelbarrow
15:47 Town Watch
18:07 Bloodlines
30:50 Castle Age
29:17 Forging
30:44 Scale Mail Armor
30:39 Fletching
31:31 Pikeman
41:02 Husbandry
49:09 Bow Saw
49:01 Heavy Plow
52:12 Hand Cart
53:10 Iron Casting
54:09 Squires
55:05 Silk Armor
61:01 Imperial Age
Toruk Makto El Pandita Gamer c:
0:47 Loom
13:55 Feudal Age
16:35 Double-Bit Axe
17:28 Wheelbarrow
20:31 Castle Age
24:37 Husbandry
27:43 Scale Barding Armor
29:04 Forging
31:11 Chain Barding Armor
31:28 Iron Casting
32:29 Town Watch
32:59 Bow Saw
35:55 Hand Cart
35:58 Stone Mining
40:24 Imperial Age
39:34 Fletching
40:21 Bodkin Arrow
40:53 Ballistics
42:20 Chemistry
41:32 Murder Holes
42:54 Cavalier
44:11 Plate Barding Armor
44:38 Blast Furnace
44:14 Masonry
46:23 Gold Mining
47:10 Scale Mail Armor
48:06 Chain Mail Armor
50:10 Gold Shaft Mining
49:04 Heavy Scorpion
54:00 Town Patrol
54:32 Plate Mail Armor
53:28 Paladin
56:02 Chivalry
Connection lost

Rejoining the realm…

Still unreachable

The connection could not be restored.

Session expired

The server has moved on; the page needs a fresh start.